 Dungeon Crawl Stone Soup version 0.21.0-3-g78d12a8 (webtiles) character file.

2201 Suckerboh the Grappler (level 9, -4/83 HPs)
             Began as a Troll Wanderer on Jan 15, 2018.
             Slain by a red ugly thing (12 damage)
             ... on level 7 of the Dungeon.
             The game lasted 00:08:35 (5109 turns).

Suckerboh the Grappler (Troll Wanderer)             Turns: 5109, Time: 00:08:36

Health: -4/83      AC:  6    Str: 22    XL:     9   Next: 12%
Magic:  8/8        EV:  7    Int:  5    God:
Gold:   280        SH: 11    Dex: 12    Spells: 8/8 levels left

rFire    . . .     SeeInvis .     - Unarmed
rCold    . . .     Gourm    +   g - +2 shield
rNeg     + . .     Faith    .   e - +0 robe
rPois    .         Spirit   .   (helmet restricted)
rElec    .         Reflect  .   w - +0 cloak (curse)
rCorr    .         Harm     .   (gloves unavailable)
MR       ++...     Rnd*Rage +   (boots unavailable) Stlth ++........Rnd*Tele +
                                v - necklace of Bloodlust {*Rage +Rage MR++ Int-3 Slay+6 *Curse} (curse)
HPRegen  0.63/turn              l - ring of positive energy
MPRegen  0.11/turn              C - ring of teleportation (curse)

@: no status effects
A: large, unfitting armour, claws 3, fast metabolism 3, gourmand, regeneration
1, shaggy fur 1, tough skin 2
a: Evoke Berserk Rage


You were on level 7 of the Dungeon.
You were very full.

You visited 2 branches of the dungeon, and saw 8 of its levels.

You collected 372 gold pieces.
You spent 92 gold pieces at shops.

Inventory:

Armour
 e - a +0 robe (worn)
 g - a +2 shield (worn)
 w - a cursed +0 cloak (worn)
Jewellery
 l - a ring of positive energy (left claw)
 v - the cursed necklace of Bloodlust (around neck) {*Rage +Rage MR++ Int-3 Slay+6 *Curse}
   (You found it on level 4 of the Dungeon)

   [amulet of rage]

   It affects your intelligence (-3).
   It affects your accuracy and damage with ranged weapons and melee attacks
   (+6).
   It affects your resistance to hostile enchantments.
   It lets you go berserk.
   It may make you go berserk in combat.
   It curses itself when equipped.
   It has a curse placed upon it.
 y - an uncursed ring of flight {unknown}
 C - a cursed ring of teleportation (right claw)
Wands
 D - a wand of paralysis (6)
Scrolls
 b - 2 scrolls of fear
 d - 13 scrolls of teleportation
 f - 14 scrolls of identify {unknown}
 i - a scroll of fog {unknown}
 m - 3 scrolls of remove curse {unknown}
 n - 2 scrolls of enchant weapon {unknown}
 s - 2 scrolls of random uselessness {unknown}
 t - 3 scrolls of blinking {unknown}
Potions
 a - 2 potions of haste
 c - 7 potions of curing
 j - 2 potions of invisibility {unknown}
 k - 2 potions of degeneration {unknown}
 o - a potion of mutation {unknown}
 p - 2 potions of cancellation {unknown}
 r - 2 potions of lignification {unknown}
 u - a potion of resistance {unknown}
 x - 2 potions of magic {unknown}
 z - a potion of brilliance {unknown}
Books
 A - a book of Cantrips

   Spells                             Type                      Level
   a - Confusing Touch                Hexes                        1
   b - Animate Skeleton               Necromancy                   1
   c - Summon Small Mammal            Summoning                    1
   d - Apportation                    Translocation                1
 B - a book of Flames

   Spells                             Type                      Level
   a - Flame Tongue                   Conjuration/Fire             1
   b - Throw Flame                    Conjuration/Fire             2
   c - Conjure Flame                  Conjuration/Fire             3
   d - Inner Flame                    Hexes/Fire                   3
   e - Sticky Flame                   Conjuration/Fire             4
   f - Fireball                       Conjuration/Fire             5
Comestibles
 h - 16 rations
 E - 2 chunks of flesh


   Skills:
 - Level 3.3 Fighting
 - Level 2.1 Stealth
 + Level 3.3 Shields
 * Level 11.2 Unarmed Combat
 + Level 1.0 Evocations


You had 8 spell levels left.
You didn't know any spells.

Dungeon Overview and Level Annotations

Branches:
Dungeon (7/15)             Temple (1/1) D:4

Altars:
Cheibriados
Dithmenos
Elyvilon
Fedhas
Hepliaklqana
Kikubaaqudgha
Makhleb
Nemelex Xobeh
Ru
Sif Muna
Trog
Uskayaw
Vehumet
Wu Jian
Xom
Zin
Lugonu

Shops:
D:4 *


Innate Abilities, Weirdness & Mutations

You are too large for most types of armour.
You have claws for hands.
Your metabolism is lightning-fast.
You like to eat raw meat.
Your natural rate of healing is unusually fast.
You are covered in fur. (AC +1)
You have very tough skin. (AC +2)


Message History

Press: ? - help, v - describe, . - travel
Here: a red ugly thing (moderately wounded)
The floor.
You feel much better. You block the red ugly thing's attack.
You barely miss the red ugly thing.
The red ugly thing is moderately wounded.
The red ugly thing trunk-slaps you!
You are engulfed in flames!!
* * * LOW HITPOINT WARNING * * *
You block the water moccasin's attack.
A bullfrog skeleton comes into view.
Okay, then.
The bullfrog skeleton hits the freed slave but does no damage.
The freed slave hits the bullfrog skeleton!
The freed slave hits the bullfrog skeleton.
The bullfrog skeleton barely misses you.
The freed slave hits the bullfrog skeleton!
The bullfrog skeleton hits you.
* * * LOW HITPOINT WARNING * * *
The red ugly thing trunk-slaps you!
You die...

......#####
..........
..........
#.........
#.........
##.........
#...p......
#..@Z......
#.u........
##S#########
##..# ##..##
######
####..##
S....###....##
.....#.<[..##
.....#.....#


You could see a red ugly thing, a water moccasin, a bullfrog skeleton and a
neutral freed slave.

Vanquished Creatures
  Pikel (D:6)
  The ghost of Feta the Shield-Bearer, an amateur GrFi (D:4)
  Sigmund (D:2)
  A water moccasin (D:6)
  A slave (D:7)
  2 sky beasts (D:6)
  An orc warrior (D:5)
  An ice beast (D:6)
  A phantom (D:7)
  An ogre (D:4)
  2 bullfrogs (D:6)
  2 jellies
  A bullfrog zombie (D:5)
  2 crimson imps
  A centaur skeleton (D:4)
  An orc priest (D:5)
  Terence (D:2)
  3 iguanas
  5 worker ants
  2 worker ant zombies
  5 adders
  An ooze (D:3)
  An adder zombie (D:6)
  2 worms (D:4)
  2 leopard geckos
  15 orcs
  2 ball pythons
  4 giant cockroaches
  4 goblins
  6 hobgoblins
  9 jackals
  5 kobolds
  6 quokkas
  7 bats
  3 frilled lizards
  A jackal skeleton (D:4)
  2 quokka skeletons
  9 rats
115 creatures vanquished.

Notes
Turn   | Place    | Note
-------+----------+-------------------------------------------
     0 | D:1      | Suckerboh the Troll Wanderer began the quest for the Orb.
     0 | D:1      | Suckerboh set off with: a potion of haste, a scroll of fear, a potion of curing, a scroll of teleportation, a +0 robe, a +0 club, a +0 dagger, 2 rations
     0 | D:1      | Reached XP level 1. HP: 23/23 MP: 0/0
   191 | D:1      | Reached skill level 2 in Unarmed Combat
   191 | D:1      | Reached XP level 2. HP: 31/31 MP: 1/1
   596 | D:2      | Noticed Terence
   620 | D:2      | Killed Terence
   620 | D:2      | Reached skill level 3 in Unarmed Combat
   620 | D:2      | Reached XP level 3. HP: 28/37 MP: 2/2
   650 | D:2      | Found a blossoming altar of Fedhas.
   896 | D:2      | Found a sparkling altar of Nemelex Xobeh.
  1029 | D:2      | Noticed a dagger
  1031 | D:2      | Noticed a dagger
  1038 | D:2      | Found a hide-covered altar of Uskayaw.
  1154 | D:2      | Found a glowing silver altar of Zin.
  1155 | D:2      | Noticed an angel
  1318 | D:2      | Noticed Sigmund
  1332 | D:2      | Killed Sigmund
  1332 | D:2      | Reached skill level 1 in Shields
  1332 | D:2      | Reached skill level 5 in Unarmed Combat
  1332 | D:2      | Reached XP level 4. HP: 42/45 MP: 3/3
  1332 | D:2      | Reached XP level 5. HP: 49/53 MP: 4/4
  2755 | D:4      | Reached XP level 6. HP: 52/61 MP: 5/5
  2839 | D:4      | Reached skill level 6 in Unarmed Combat
  2863 | D:4      | Found the cursed necklace of Bloodlust {*Rage +Rage MR++ Int-3 Slay+6 *Curse}
  2949 | D:4      | Noticed Feta's ghost (amateur GrFi)
  2963 | D:4      | Killed Feta's ghost
  2963 | D:4      | Reached XP level 7. HP: 67/67 MP: 6/6
  3020 | D:4      | Found Keotaff's Assorted Antiques.
  3029 | D:4      | Bought a scroll labeled ESMUELAESE for 23 gold pieces
  3029 | D:4      | Bought a scroll labeled CETIDA BAXA for 23 gold pieces
  3029 | D:4      | Bought a scroll labeled OKEXAE URAEWNO for 23 gold pieces
  3029 | D:4      | Bought a scroll labeled ESMUELAESE for 23 gold pieces
  3059 | D:4      | Reached skill level 7 in Unarmed Combat
  3214 | D:4      | Found a staircase to the Ecumenical Temple.
  3225 | Temple   | Entered the Ecumenical Temple
  3352 | D:4      | Found a deep blue altar of Sif Muna.
  3528 | D:5      | Entered Level 5 of the Dungeon
  3746 | D:5      | Found a burning altar of Makhleb.
  4088 | D:5      | Reached skill level 8 in Unarmed Combat
  4434 | D:6      | Reached XP level 8. HP: 75/75 MP: 7/7
  4438 | D:6      | Found a hazy altar of Hepliaklqana.
  4467 | D:6      | Reached skill level 9 in Unarmed Combat
  4690 | D:6      | Reached skill level 10 in Unarmed Combat
  4786 | D:6      | Found an ornate altar of the Wu Jian Council.
  5048 | D:7      | Noticed Pikel
  5068 | D:6      | Killed Pikel
  5068 | D:6      | Reached skill level 11 in Unarmed Combat
  5068 | D:6      | Reached XP level 9. HP: 72/83 MP: 8/8
  5091 | D:7      | Noticed a red ugly thing
  5109 | D:7      | Slain by a red ugly thing

Skill      XL: |  1  2  3  4  5  6  7  8 |
---------------+-------------------------+-----
Unarmed Combat | 2 3 5 6 8 11 | 11.2
Shields        | 1 2 3 |  3.3
Fighting       | |  3.3
Stealth        | |  2.1
Evocations     | |  1.0

Action                   |  1- 3 |  4- 6 |  7- 9 || total
-------------------------+-------+-------+-------++-------
Melee: Unarmed           |    98 |    94 |   140 ||   332
  Use: Potion            |       |       |     1 ||     1
 Stab: Sleeping          |     3 |     4 |     4 ||    11
  Eat: Chunk             |    18 |    15 |    19 ||    52
Armor: Robe              |    27 |    24 |    34 ||    85
Dodge: Dodged            |    24 |     8 |    26 ||    58
Block: Shield            |    28 |    46 |    50 ||   124
